Map: Polka LE

Players

Massa

  • Race: Terran Terran
  • League: Platinum
  • Spawn Location: 11:00

qqq

  • Race: Zerg Zerg
  • League: Platinum
  • Spawn Location: 11:00

ĂngêlMārinê

  • Race: Protoss Protoss
  • League: Master
  • Spawn Location: 5:00

JangoFett

  • Race: Terran Terran
  • League: Master
  • Spawn Location: 5:00

VOD

Have the link to the VOD?

Description

Time

  • Played on: Dec. 8, 2020, 7:49 a.m.
  • Length: 15:30
Show
View Real Time Build Order
Export as new Build Order

Massa Terran 

Build Orders:  

Get SALT Encoding   

  12  0:00  SCV  
  13  0:12  SCV  
  14  0:23  Supply Depot  
  14  0:24  SCV  
  15  0:36  Refinery  
  15  0:45  SCV  
  15  0:49  Barracks  
  17  0:57  SCV  
  17  1:09  SCV  
  18  1:16  Barracks  
  18  1:21  SCV  
  19  1:35  SCV  
  19  1:37  Barracks Tech Lab  
  20  1:49  Supply Depot  
  20  1:51  Supply Depot  
  20  1:56  Marauder  
  20  1:57  Concussive Shells  
  22  2:02  Barracks Tech Lab  
  22  2:08  Orbital Command  
  22  2:18  Marauder  
  26  2:22  Marauder  
  26  2:35  SCV  
  27  2:39  Marauder  
  31  2:44  Marauder  
  31  3:01  Marauder  
  35  3:05  Marauder  
  35  3:14  Bunker  
  33  3:33  Marauder x2  
  33  3:54  Marauder x2  
  29  4:15  Marauder  
  29  4:16  Bunker, Marauder  
  33  4:27  Command Center  
  33  4:37  Marauder x2  
  31  4:58  Marauder x2  
  33  5:04  SCV  
  32  5:16  SCV  
  32  5:19  Marauder  
  32  5:20  Marauder  
  30  5:41  Marauder x2  
  34  5:43  Barracks  
  34  5:44  Supply Depot  
  34  5:45  Barracks  
  34  5:47  Barracks  
  34  6:08  SCV  
  34  6:09  Refinery  
  34  6:10  Orbital Command  
  35  6:20  SCV  
  36  6:32  Factory  
  36  6:33  Barracks Reactor, SCV, Barracks Tech Lab  
  37  6:40  SCV  
  37  6:44  Barracks Tech Lab  
  37  6:45  SCV  
  37  6:46  Refinery  
  39  6:47  Refinery  
  39  6:52  SCV  
  39  6:53  Engineering Bay  
  40  6:57  SCV  
  40  6:59  Marauder  
  43  7:04  SCV, Command Center  
  44  7:09  SCV  
  45  7:20  Marauder  
  39  7:31  Stimpack  
  39  7:33  Factory Tech Lab  
  39  7:36  SCV x2  
  41  7:41  Starport  
  41  7:42  Missile Turret  
  41  7:45  Missile Turret  
  41  7:48  SCV x2, Terran Infantry Weapons Level 1  
  41  7:49  Barracks Reactor, Barracks Tech Lab  
  43  7:52  Marauder x2, Marine x2  
  43  7:56  Siege Tank  
  52  8:00  SCV  
  53  8:09  Armory  
  53  8:11  SCV  
  53  8:12  SCV  
  55  8:16  Marauder, Marine  
  55  8:17  Marine  
  59  8:21  Combat Shield  
  59  8:23  SCV, Marine x2  
  62  8:27  SCV  
  62  8:29  SCV  
  62  8:32  Medivac  
  66  8:34  Marine  
  67  8:43  Siege Tank  
  70  8:50  Marauder x2, Marine x3  
  77  9:00  Supply Depot  
  77  9:02  Supply Depot x2  
  77  9:06  Planetary Fortress  
  77  9:21  Marine x4  
  77  9:22  SCV x2, Marauder  
  85  9:28  Supply Depot  
  85  9:33  Sensor Tower  
  85  9:34  SCV x2  
  87  9:39  Starport Reactor  
  87  9:40  Engineering Bay  
  87  9:42  SCV, Terran Infantry Armor Level 1  
  88  9:46  SCV x2  
  88  9:48  Missile Turret  
  88  9:50  Marauder x2  
  88  9:51  Marine  
  95  9:53  Marine  
  95  9:54  SCV  
  95  9:57  Siege Tank  
  95  9:58  SCV x2  
  102  10:06  SCV  
  103  10:10  SCV x2  
  105  10:15  Viking, Medivac  
  105  10:20  Command Center  
  109  10:27  Supply Depot x2  
  109  10:31  Supply Depot  
  109  10:32  Supply Depot  
  109  10:45  SCV  
  104  11:04  Medivac x2  
  104  11:08  Siege Tank  
  104  11:09  Marauder x2  
  104  11:10  Marauder, Marine x3  
  104  11:11  Marine  
  121  11:12  SCV x3  
  124  11:24  SCV x3  
  127  11:28  Marine x2  
  127  11:31  Marauder x3  
  135  11:36  SCV  
  135  11:37  Ghost Academy  
  136  11:40  Ghost Academy, Liberator, Siege Tank  
  136  11:41  Liberator  
  145  11:53  Refinery  
  145  11:55  Refinery  
  145  11:57  SCV  
  145  11:58  SCV x2  
  148  12:09  SCV  
  148  12:10  SCV x2  
  148  12:11  Missile Turret  
  148  12:12  Personal Cloaking, Siege Tank  
  148  12:13  Missile Turret  
  148  12:15  Missile Turret  
  154  12:16  Missile Turret  
  154  12:27  Planetary Fortress  
  154  12:33  Sensor Tower  
  154  12:41  Liberator  
  154  12:42  Supply Depot  
  154  12:43  Supply Depot  
  157  12:48  Ghost  
  157  12:49  Refinery  
  157  12:51  Refinery  
  159  13:05  Supply Depot  
  159  13:08  Supply Depot  
  121  13:24  Marauder x2, Marine  
  99  13:29  Supply Depot  
  99  13:33  Supply Depot  
  96  13:39  Marine  
  96  13:40  Marine  
  95  13:41  Marine  
  95  13:43  Marine  
  95  13:45  Marauder x2  
  95  13:54  Supply Depot  
  89  13:57  Marine  
  89  13:59  Marine, Supply Depot  
  78  14:06  Marauder  
  64  14:18  Command Center  
  64  14:19  Barracks  
  64  14:20  Barracks x3  
  50  14:31  Command Center  
  32  14:54  SCV  
  32  14:57  SCV  
  34  15:06  SCV  
  35  15:09  SCV  
  35  15:11  Barracks  
  36  15:14  Ghost Academy  
  36  15:15  Barracks Tech Lab  
  36  15:16  Barracks Tech Lab x3  
  36  15:18  SCV  
  38  15:28  Factory x2  
Show
View Real Time Build Order
Export as new Build Order

qqq Zerg 

Build Orders: Hatch First 

Get SALT Encoding   

  12  0:00  Drone  
  13  0:08  Drone  
  14  0:25  Overlord  
  14  0:53  Hatchery  
  14  0:55  Drone  
  14  0:56  Drone  
  15  1:30  Drone x3  
  18  1:41  Drone, Spawning Pool  
  18  1:51  Extractor  
  18  1:53  Drone  
  17  2:13  Drone x2  
  17  2:14  Extractor  
  18  2:16  Drone  
  18  2:17  Drone  
  18  2:22  Extractor  
  20  2:26  Drone  
  20  2:29  Queen  
  23  2:30  Queen  
  23  2:31  Drone  
  23  2:36  Overlord  
  26  2:38  Drone  
  27  2:47  Zergling x2  
  28  2:54  Drone  
  30  2:58  Zergling x2  
  30  3:03  Zergling x2  
  31  3:08  Zergling x2  
  31  3:10  Zergling x2  
  33  3:18  Zergling x2  
  34  3:20  Zergling x2  
  34  3:23  Metabolic Boost  
  35  3:31  Zergling x2  
  36  3:37  Overlord x3  
  36  3:43  Overlord  
  36  3:46  Hatchery  
  36  3:47  Zergling x2  
  36  3:56  Zergling x6  
  36  3:57  Zergling x2  
  39  4:09  Zergling x2  
  39  4:10  Zergling x6  
  41  4:22  Zergling x6  
  41  4:24  Zergling x6  
  43  4:41  Zergling x4  
  43  4:42  Zergling x2  
  36  5:07  Zergling x8  
  36  5:08  Zergling x10  
  41  5:19  Lair  
  41  5:20  Zergling x4  
  41  5:23  Drone x2, Queen  
  45  5:34  Zergling x2  
  45  5:35  Zergling x6  
  48  5:36  Zergling x2  
  50  5:48  Zergling x2  
  50  5:49  Zergling x4  
  53  5:59  Zergling x6  
  53  6:00  Zergling x4  
  53  6:01  Zergling x4  
  59  6:15  Drone x2  
  59  6:16  Drone x2  
  59  6:17  Drone  
  63  6:27  Spire  
  63  6:29  Drone  
  63  6:30  Extractor, Drone  
  64  6:32  Drone  
  64  6:36  Extractor  
  64  6:37  Extractor  
  64  6:39  Hatchery  
  61  6:41  Drone x2  
  61  6:42  Drone  
  61  6:46  Drone  
  65  6:47  Drone  
  66  7:06  Drone x3  
  69  7:10  Drone x2  
  51  7:30  Drone x6  
  51  7:31  Drone x2  
  51  7:36  Overlord  
  51  7:37  Overlord x4  
  59  7:47  Drone x3  
  59  7:48  Drone  
  63  7:52  Zerg Flyer Weapons Level 1, Infestation Pit  
  63  7:58  Drone  
  63  7:59  Queen  
  65  8:05  Mutalisk  
  65  8:06  Mutalisk x2  
  65  8:09  Mutalisk  
  65  8:12  Drone  
  74  8:13  Mutalisk  
  74  8:16  Mutalisk  
  74  8:18  Mutalisk  
  80  8:24  Drone x3  
  80  8:26  Drone x2  
  85  8:27  Drone  
  86  8:36  Extractor  
  86  8:37  Extractor  
  86  8:38  Mutalisk  
  86  8:39  Mutalisk  
  85  8:47  Baneling Nest  
  84  8:53  Drone x3  
  87  8:57  Spine Crawler  
  87  8:58  Drone x4  
  87  8:59  Drone x2  
  92  9:10  Mutalisk x3  
  98  9:29  Drone x2  
  100  9:33  Mutalisk x4  
  100  9:35  Zergling x4  
  100  9:36  Drone  
  111  9:48  Spine Crawler  
  110  9:58  Overlord  
  110  9:59  Overlord x6  
  110  10:01  Baneling  
  110  10:03  Centrifical Hooks  
  110  10:06  Hive  
  110  10:10  Hatchery  
  109  10:14  Hatchery  
  104  10:28  Mutalisk x5  
  90  10:30  Zergling x12  
  90  10:31  Drone  
  90  10:32  Drone x2  
  80  11:00  Spire  
  80  11:01  Spine Crawler  
  78  11:10  Drone  
  78  11:11  Drone x2  
  81  11:14  Overlord x2  
  81  11:15  Overlord  
  81  11:17  Drone x2  
  81  11:18  Drone x5  
  84  12:24  Mutalisk x5  
  84  12:25  Mutalisk  
  84  12:27  Drone x5  
  84  12:28  Drone x5  
  102  12:53  Drone  
  102  12:54  Drone x5, Zergling x4  
  102  12:55  Zergling x4  
  102  12:56  Zergling x8  
  50  13:56  Drone x3  
  50  14:01  Drone  
  50  14:02  Drone x2  
  48  14:21  Drone x2  
  46  14:32  Drone  
  46  14:35  Spawning Pool  
Show
View Real Time Build Order
Export as new Build Order

ĂngêlMārinê Protoss 

Build Orders:  

Get SALT Encoding   

  12  0:00  Probe  
  13  0:12  Probe  
  14  0:22  Pylon  
  14  0:25  Probe  
  15  0:40  Probe (Chrono Boost)  
  16  0:46  Gateway  
  16  0:49  Assimilator  
  16  0:52  Probe (Chrono Boost)  
  17  1:03  Probe (Chrono Boost), Pylon  
  18  1:14  Probe  
  18  1:17  Gateway  
  19  1:19  Assimilator  
  19  1:26  Probe (Chrono Boost)  
  20  1:38  Probe (Chrono Boost)  
  20  1:39  Cybernetics Core  
  21  1:49  Probe  
  22  2:15  Warp Gate (Chrono Boost)  
  22  2:26  Adept x2  
  22  2:28  Nexus  
  26  2:35  Pylon  
  26  3:12  Adept (Chrono Boost)  
  27  3:20  Adept (Chrono Boost)  
  27  3:29  Gateway  
  27  3:31  Gateway  
  27  3:47  Adept x2  
  31  3:52  Robotics Facility  
  31  3:54  Robotics Facility  
  27  4:29  Shield Battery  
  27  4:36  Adept x2  
  29  4:55  Pylon  
  29  4:56  Immortal x2  
  37  5:15  Adept x3  
  41  5:24  Pylon  
  41  5:32  Pylon  
  41  5:37  Pylon  
  41  5:56  Probe x2  
  43  6:05  Gateway  
  43  6:08  Probe (Chrono Boost)  
  43  6:09  Probe (Chrono Boost)  
  43  6:10  Twilight Council  
  45  6:20  Probe (Chrono Boost)  
  45  6:22  Probe (Chrono Boost)  
  47  6:29  Probe (Chrono Boost)  
  47  6:30  Pylon  
  47  6:32  Probe (Chrono Boost)  
  49  6:44  Resonating Glaives (Chrono Boost), Immortal  
  53  6:52  Probe (Chrono Boost)  
  55  6:55  Probe (Chrono Boost)  
  55  7:00  Assimilator  
  55  7:03  Probe (Chrono Boost)  
  56  7:10  Pylon  
  56  7:11  Probe x2  
  58  7:23  Probe  
  59  7:30  Adept x4  
  67  7:37  Shield Battery  
  67  7:39  Probe x2  
  67  7:43  Shield Battery  
  69  7:50  Forge  
  69  7:56  Immortal  
  69  7:57  Probe (Chrono Boost)  
  74  8:02  Assimilator  
  75  8:08  Probe (Chrono Boost)  
  75  8:13  Protoss Ground Weapons Level 1 (Chrono Boost)  
  75  8:17  Immortal  
  79  8:22  Pylon  
  79  8:32  Adept x3  
  85  8:49  Nexus  
  85  8:52  Pylon  
  85  9:07  Immortal  
  85  9:16  Immortal  
  93  9:25  Templar Archives  
  93  9:32  Adept  
  93  9:33  Adept x2  
  99  9:52  Pylon  
  99  9:54  Pylon  
  99  9:55  Shield Battery  
  99  9:57  Shield Battery  
  99  10:01  Protoss Ground Weapons Level 2 (Chrono Boost), Forge  
  99  10:08  Probe x2 (Chrono Boost)  
  99  10:13  Probe (Chrono Boost)  
  102  10:28  High Templar  
  102  10:29  High Templar x4  
  112  10:41  Archon x2  
  112  10:49  Probe  
  113  10:50  Probe x2  
  113  10:53  Assimilator  
  113  10:55  Pylon  
  115  10:57  Assimilator  
  115  10:58  Pylon  
  115  10:59  Pylon  
  115  11:08  Photon Cannon  
  115  11:10  High Templar x3  
  115  11:11  High Templar x2  
  125  11:12  Photon Cannon x2  
  125  11:22  Archon  
  125  11:23  Archon  
  125  11:28  Probe x3  
  123  11:47  High Templar x4  
  131  12:00  Archon x3  
  130  12:02  Pylon  
  119  12:10  Psionic Storm  
  119  12:21  Pylon  
  119  12:22  Pylon  
  119  12:24  Pylon  
  119  12:26  Pylon  
  119  12:28  Pylon  
  119  12:37  Pylon  
  119  12:40  Probe x2, Pylon  
  119  12:42  Pylon x2  
  39  14:46  Probe (Chrono Boost)  
  39  14:47  Probe (Chrono Boost)  
  39  14:48  Probe (Chrono Boost)  
  42  14:54  Gateway  
  42  14:56  Gateway  
  42  14:57  Probe x2 (Chrono Boost)  
  42  14:58  Probe (Chrono Boost), Gateway  
  42  14:59  Gateway  
  45  15:01  Gateway  
  45  15:02  Probe x3 (Chrono Boost)  
  48  15:13  Probe x3  
Show
View Real Time Build Order
Export as new Build Order

JangoFett Terran 

Build Orders: Reaper Expand 

Get SALT Encoding   

  12  0:02  SCV  
  13  0:14  SCV  
  13  0:19  Supply Depot  
  14  0:26  SCV  
  15  0:40  SCV  
  15  0:41  Barracks  
  16  0:44  Refinery  
  16  0:52  SCV  
  17  1:05  SCV  
  18  1:17  SCV  
  19  1:35  Orbital Command  
  19  1:36  Reaper  
  19  1:41  Supply Depot  
  19  1:53  Command Center  
  19  2:01  SCV  
  20  2:08  Reaper  
  21  2:18  SCV  
  22  2:23  Factory  
  22  2:30  SCV  
  23  2:42  Barracks Reactor  
  23  2:46  SCV  
  24  2:58  Bunker  
  24  3:15  Factory Tech Lab  
  24  3:18  Marine x2  
  26  3:20  SCV  
  26  3:36  Marine x2  
  26  3:39  SCV, Siege Tank  
  26  3:40  Orbital Command  
  32  3:44  Barracks  
  31  3:59  Supply Depot  
  31  4:07  Marine x2  
  33  4:10  SCV  
  34  4:18  SCV  
  35  4:25  Marine x2  
  37  4:35  Refinery  
  36  4:52  Marine x2  
  35  5:08  Siege Tank  
  35  5:10  Barracks Tech Lab  
  35  5:13  SCV  
  39  5:18  SCV  
  40  5:25  SCV  
  40  5:27  Orbital Command  
  41  5:29  Marine x2  
  41  5:30  Stimpack  
  41  5:35  Barracks  
  43  5:36  Command Center  
  43  5:37  SCV  
  44  5:49  SCV  
  45  5:58  SCV  
  46  6:06  Starport  
  46  6:16  SCV x2, Marine x3  
  54  6:18  Siege Tank  
  54  6:21  Engineering Bay  
  54  6:22  Engineering Bay  
  54  6:23  Supply Depot x2  
  54  6:24  Barracks Reactor, Supply Depot  
  54  6:28  Barracks  
  54  6:34  Supply Depot  
  54  6:36  Supply Depot  
  54  6:42  Starport Reactor, Supply Depot  
  54  6:44  Barracks  
  54  6:45  SCV x2, Marine  
  54  6:46  Marine x2  
  59  6:57  SCV x2  
  61  7:02  Refinery  
  61  7:03  Refinery  
  61  7:05  Supply Depot  
  61  7:08  Supply Depot  
  61  7:09  SCV x2  
  61  7:12  Marine x4  
  61  7:13  Marine  
  68  7:21  SCV x2  
  55  7:29  Planetary Fortress  
  54  7:33  SCV  
  54  7:34  Supply Depot  
  54  7:35  SCV  
  54  7:36  Marine x3  
  59  7:37  Barracks Reactor x2  
  59  7:38  Marine x2  
  59  7:39  Combat Shield  
  59  7:40  Missile Turret  
  61  7:45  SCV  
  61  7:46  Missile Turret  
  61  7:47  SCV  
  63  7:57  SCV  
  64  7:58  Terran Infantry Armor Level 1, Terran Infantry Weapons Level 1  
  64  7:59  SCV  
  65  8:07  Sensor Tower, Marine x4  
  65  8:08  Marine  
  65  8:09  SCV  
  65  8:10  SCV  
  65  8:11  SCV  
  73  8:18  Missile Turret  
  73  8:21  SCV  
  73  8:22  SCV, Medivac x2  
  73  8:23  SCV  
  80  8:34  SCV x2  
  82  8:42  SCV  
  82  8:44  Marine x2  
  82  8:45  Marauder  
  82  8:46  SCV, Marine x6  
  82  8:47  SCV  
  95  8:51  Command Center  
  95  8:55  SCV, Medivac x2  
  96  8:58  SCV  
  101  9:07  Marine  
  101  9:08  Marine x2  
  101  9:09  Marauder, Marine x3  
  107  9:10  Marine  
  107  9:11  SCV x3  
  107  9:13  Refinery  
  107  9:14  Refinery  
  107  9:16  Marine  
  114  9:18  Armory  
  114  9:25  Marine  
  114  9:26  Marine  
  114  9:29  Marine x2  
  114  9:30  Marauder, Marine  
  121  9:38  Barracks  
  121  9:39  SCV  
  121  9:40  Barracks  
  121  9:42  Factory  
  122  9:46  Starport  
  122  9:52  Marine x2  
  122  9:53  SCV x2, Marauder  
  122  9:54  SCV  
  122  9:56  Marine x2  
  122  9:57  Marine x3  
  122  9:58  Marine  
  135  10:09  Orbital Command  
  135  10:11  Marine x2  
  137  10:14  Marauder  
  137  10:16  Marine  
  137  10:20  Medivac x2  
  144  10:33  Marine x3  
  144  10:34  Barracks Reactor, Barracks Tech Lab  
  147  10:36  Factory Tech Lab, Starport Reactor, Marauder  
  147  10:39  Marine x2  
  147  10:40  Marine x2  
  153  10:42  Marine  
  144  10:51  Marine  
  138  11:01  Marauder, Marine x3, Medivac  
  138  11:02  Medivac  
  144  11:04  Terran Infantry Weapons Level 2  
  144  11:05  Terran Infantry Armor Level 2  
  144  11:07  Armory  
  144  11:10  SCV x2  
  146  11:11  Armory  
  146  11:14  Marine  
  146  11:15  Marauder, Marine x4  
  153  11:22  Marauder  
  155  11:29  Marine  
  156  11:34  Marine x3  
  156  11:35  Medivac x3  
  156  11:36  Marauder, Medivac  
  156  11:37  Orbital Command  
  169  11:41  Missile Turret  
  169  11:43  Missile Turret x2  
  169  12:08  Marine  
  169  12:09  Marauder, Marine x6  
  169  12:13  Liberator, Siege Tank x2  
  187  12:26  Liberator  
  188  12:33  Liberator  
  184  12:39  Missile Turret  
  184  12:40  Missile Turret  
  184  12:42  Missile Turret  
  184  12:46  Terran Vehicle And Ship Armor Level 1, Terran Ship Weapons Level 1, Terran Vehicle Weapons Level 1  
  182  13:05  Marine x3  
  182  13:06  Marauder  
  182  13:09  Marine  
  182  13:10  Marine  
  188  13:15  Marauder, Marine  
  188  13:25  Marine x2  
  188  13:26  Marine  
  188  13:27  Marauder, Marine x2  
  188  13:33  Marine x2  
  188  13:34  Marine  
  188  13:36  Marine  
  188  13:41  Marine  
  188  13:42  Marine  
  188  13:44  Medivac  
  188  13:46  Marauder  
  188  13:47  Medivac  
  188  13:50  Missile Turret  
  188  13:52  Missile Turret x2  
  188  13:53  Missile Turret  
  188  13:54  Missile Turret, Supply Depot  
  187  13:55  Supply Depot  
  187  13:56  Marauder  
  187  13:58  Marine, Supply Depot  
  187  14:00  Missile Turret  
  188  14:16  Marauder, Medivac x3  
  188  14:17  SCV x2, Marine x2  
  196  14:24  SCV  
  200  14:25  Concussive Shells  
  200  14:26  Medivac  
  193  14:32  Marine  
  193  14:33  Marauder  
  193  14:38  Marauder  
  189  14:46  Medivac  
  189  14:49  Marine  
  189  14:50  Marine x7  
  198  14:54  Marauder  
  198  14:57  Medivac x2  
  198  14:59  Marauder  
  198  15:09  Marine x2  
  200  15:28  Command Center  
Tags
 
Add a new tag
Caveats
  • Supply blocks, unpowered buildings, or Contaminate may cause inaccurate times.
  • Supply counts are checked every 10 seconds.